 Dungeon Crawl Stone Soup version 0.29-a0-322-g68df515428 (webtiles) character file.

Game seed: 17703232633468937932

1537 kae the Firebug (level 8, -1/48 HPs)
             Began as a Tengu Fire Elementalist on Apr 7, 2022.
             Slain by an ogre
             ... wielding a +0 giant spiked club
              (34 damage)
             ... on level 5 of the Dungeon.
             The game lasted 00:03:12 (5492 turns).

kae the Firebug (Tengu Fire Elementalist)           Turns: 5492, Time: 00:03:13

Health: -1/48      AC:  5    Str:  9    XL:     8   Next: 86%
Magic:  6/15       EV: 16    Int: 18    God:
Gold:   211        SH:  0    Dex: 14    Spells: 9/15 levels left

rFire   + + .      SeeInvis .   o - staff of fire
rCold   . . .      Faith    .   (no shield)
rNeg    . . .      Spirit   .   a - +0 robe
rPois   +          Reflect  .   (helmet restricted)
rElec   .          Harm     .   z - +0 cloak
rCorr   .          Rampage  .   i - +1 pair of gloves
Will    .....                   (boots unavailable)
Stlth   ++........              (no amulet)
HPRegen 0.16/turn               h - ring of poison resistance
MPRegen 0.14/turn               s - ring of protection from fire

@: flying quickly and evasively, quick
A: beak, talons 3, nimble flight
a: no special abilities


You were on level 5 of the Dungeon.
You visited 1 branch of the dungeon, and saw 5 of its levels.

You collected 211 gold pieces.

Inventory:

Hand Weapons
 d - a +2 vorpal spear
Armour
 a - a +0 robe (worn)
 i - a +1 pair of gloves (worn)
 z - a +0 cloak (worn)
Magical Staves
 o - a staff of fire (weapon)
Jewellery
 h - a ring of poison resistance (left hand)
 k - a ring of flight
 s - a ring of protection from fire (right hand)
 t - a ring of protection from fire
 y - a +4 ring of evasion
Scrolls
 f - 2 scrolls of teleportation
 q - 3 scrolls of magic mapping
 u - a scroll of enchant weapon {unknown}
 v - 2 scrolls of acquirement {unknown}
 w - a scroll of enchant armour
Potions
 b - 2 potions of magic
 c - 4 potions of degeneration
 e - 4 potions of flight
 g - 3 potions of heal wounds
 j - 5 potions of brilliance
 l - 3 potions of haste {unknown}
 m - a potion of attraction {unknown}
 n - a potion of berserk rage {unknown}
 p - 6 potions of curing {unknown}
 r - a potion of ambrosia {unknown}
 x - a potion of resistance {unknown}


   Skills:
 + Level 4.0 Fighting
 + Level 4.6 Armour
 + Level 5.1 Dodging
 - Level 2.0 Stealth
 + Level 4.3 Spellcasting
 + Level 5.8 Conjurations
 + Level 5.9 Fire Magic


You had 9 spell levels left.
You knew the following spells:

 Your Spells              Type           Power      Damage    Failure   Level
a - Foxfire               Conj/Fire      100%       2x1d9     1%          1
b - Scorch                Fire           74%        2d9       1%          2
c - Conjure Flame         Conj/Fire      37%        6-21      3%          3

Your spell library contained the following spells:

 Spells                   Type           Power      Damage    Failure   Level
 Inner Flame              Hex/Fire       21%        N/A       13%         3
 Flame Wave               Conj/Fire      37%        2d9       13%         4
 Animate Skeleton         Necr           6%         N/A       14%         1
 Apportation              Tloc           6%         N/A       14%         1
 Pain                     Necr           12%        1d4       14%         1
 Slow                     Hex            12%        N/A       14%         1
 Summon Small Mammal      Summ           12%        N/A       14%         1
 Corpse Rot               Necr/Air       6%         N/A       22%         2
 Poisonous Vapours        Pois/Air       6%         N/A       22%         2
 Confusing Touch          Hex            3%         N/A       38%         3
 Vampiric Draining        Necr           3%         2d6       38%         3


Dungeon Overview and Level Annotations

Branches:
Dungeon (5/15)
 Temple: D:4-7

Altars:

Annotations:
D:5 Pikel


Innate Abilities, Weirdness & Mutations

You have a beak for a mouth.
You have claws for feet.
Your magical nature lets you fly swiftly and evasively.


Message History

The lemure misses you.
You hit the lemure. You burn the lemure. You claw the lemure, but do no damage.
You peck the lemure, but do no damage.
The lemure is heavily wounded.
The lemure barely misses you. The lemure hits you.
Casting: Foxfire (safe; 1% risk of failure)
Confirm with . or Enter, or press ? or * to list all spells.
You feel a surge of power!
Flames lash the lemure but do no damage.
The lemure hits you. The lemure barely misses you.
Casting: Scorch (safe; 1% risk of failure)
Confirm with . or Enter, or press ? or * to list all spells.
You feel a surge of power!
Flames lash the lemure.
The lemure is severely wounded.
The lemure's fire resistance burns away.
The lemure closely misses you. The lemure hits you but does no damage.
Casting: Scorch (safe; 1% risk of failure)
Confirm with . or Enter, or press ? or * to list all spells.
You feel a surge of power!
Flames lash the lemure.
The lemure is burned terribly!
The lemure is almost dead.
The lemure completely misses you. The lemure barely misses you.
Casting: Scorch (safe; 1% risk of failure)
Confirm with . or Enter, or press ? or * to list all spells.
You feel a surge of power!
Flames lash the ogre.
The ogre is moderately wounded.
The ogre's fire resistance burns away.
The lemure misses you. The lemure closely misses you.
Casting: Scorch (safe; 1% risk of failure)
Confirm with . or Enter, or press ? or * to list all spells.
You feel a surge of power!
Flames lash the lemure.
The lemure is burned terribly!
You kill the lemure!
That felt strangely unrewarding.
The ogre hits you with a +0 giant spiked club!!
Ouch! That really hurt!
You die...

##.###......###### #..# ###
#..###..........###..# ..#
##.# #...........##..# #
..# #.####...........#..# #
..# #..# #..............##.
..# ##.####.....O..........
..# #..# ##...............
..# #..#####.........#####
..# ###...@O.........## ..#
#####...####........##
..#####..)...###.#######..#
..#.....###......# ##.##
....######.......# #..#
.#### ##........## ##.# .#
##.........# #.###### .#
##.........## #..##... ##
#..........# #### ##.#....


You could see an ogre (combustible).

Vanquished Creatures
  Grinder (D:4)
  Prince Ribbit (D:5)
  Sigmund (D:2)
  Edmund (D:4)
  Duvessa (D:5)
  An ogre (D:5)
  A sky beast (D:5)
  2 black bears
  A phantom (D:5)
  4 lemures (D:5)
  A scorpion (D:5)
  Dowan (D:5)
  A hound (D:5)
  Jessica (D:2)
  Ijyb (D:5)
  2 iguanas
  4 adders
  A white imp (D:4)
  An ufetubus (D:5)
  3 worms
  2 orcs (D:5)
  3 ball pythons
  3 endoplasms
  2 giant cockroaches
  7 goblins
  7 hobgoblins
  A jackal (D:2)
  8 kobolds
  5 quokkas
  6 bats
  6 frilled lizards
  5 rats
85 creatures vanquished.

Vanquished Creatures (others)
  268 foxfires
268 creatures vanquished.

Grand Total: 353 creatures vanquished

Notes
Turn   | Place    | Note
-------+----------+-------------------------------------------
     0 | D:1      | kae the Tengu Fire Elementalist began the quest for the
                  | Orb.
     0 | D:1      | Reached XP level 1. HP: 10/10 MP: 4/4
   323 | D:1      | Reached XP level 2. HP: 13/15 MP: 6/6
  1195 | D:2      | Reached XP level 3. HP: 17/20 MP: 7/7
  1198 | D:2      | Noticed Jessica
  1213 | D:2      | HP: 1/20 [Jessica/+0 club (6)]
  1214 | D:2      | Killed Jessica
  1215 | D:2      | Reached skill level 1 in Fighting
  1215 | D:2      | Reached skill level 1 in Armour
  1369 | D:2      | Noticed Sigmund
  1381 | D:2      | Killed Sigmund
  1382 | D:2      | Reached XP level 4. HP: 5/26 MP: 2/9
  1382 | D:2      | Gained mutation: Your magical nature lets you fly swiftly
                  | and evasively. [Tengu growth]
  1382 | D:2      | Reached XP level 5. HP: 6/30 MP: 2/10
  1636 | D:2      | Found a faded altar of an unknown god.
  1709 | D:2      | Reached XP level 6. HP: 35/35 MP: 6/11
  2241 | D:3      | Learned a level 2 spell: Scorch
  2245 | D:3      | Learned a level 3 spell: Conjure Flame
  3063 | D:4      | Noticed Grinder
  3076 | D:4      | Paralysed by Grinder for 5 turns
  3087 | D:4      | Killed Grinder
  3088 | D:4      | Reached XP level 7. HP: 26/40 MP: 3/12
  3664 | D:4      | Noticed Edmund
  3680 | D:4      | Killed Edmund
  3681 | D:4      | Reached skill level 5 in Fire Magic
  3852 | D:5      | Entered Level 5 of the Dungeon
  4239 | D:5      | Noticed Pikel
  4379 | D:5      | Reached XP level 8. HP: 46/46 MP: 7/14
  4444 | D:5      | Noticed Prince Ribbit
  4459 | D:5      | Killed Prince Ribbit
  4460 | D:5      | Reached skill level 5 in Conjurations
  4469 | D:5      | Noticed Ijyb
  4828 | D:5      | Noticed Dowan
  4831 | D:5      | Noticed Duvessa
  4844 | D:5      | Killed Dowan
  4846 | D:5      | Killed Duvessa
  5322 | D:5      | Killed Ijyb
  5331 | D:5      | Reached skill level 5 in Dodging
  5492 | D:5      | Slain by an ogre

Illustrated notes

Levels and vault maps discovered:
D:1:      elethiomel_arrival_quiet, layout_basic, minmay_pentomino_t4
D:2:      layout_rooms, ebering_ecumenical_altar_sacrificial,
          minmay_box_of_dots, uniq_jessica, uniq_sigmund
D:3:      layout_basic
D:4:      layout_loops_ring, uniq_grinder, uniq_edmund
D:5:      layout_cave_pods, uniq_pikel, uniq_ijyb, uniq_duvessa,
          uniq_prince_ribbit1

Skill      XL: |  1  2  3  4  5  6  7  8 |
---------------+-------------------------+-----
Conjurations   | 2 3 4 5 |  5.8
Fighting       | 1 2 3 4 |  4.0
Armour         | 2 3 4 |  4.6
Dodging        | 3 4 5 |  5.1
Fire Magic     | 4 5 |  5.9
Spellcasting   | 3 4 |  4.3
Stealth        | |  2.0

Action                   |  1- 3 |  4- 6 |  7- 9 || total
-------------------------+-------+-------+-------++-------
Melee: Spear             |    42 |       |       ||    42
       Kick              |     3 |     4 |     8 ||    15
       Peck              |     3 |       |     4 ||     7
       Punch             |     1 |       |       ||     1
       Staff             |       |    10 |    15 ||    25
 Cast: Foxfire           |    15 |    65 |    72 ||   152
       Scorch            |       |     4 |    30 ||    34
       Conjure Flame     |       |       |     5 ||     5
  Use: Scroll            |     3 |     4 |     3 ||    10
 Stab: Sleeping          |     2 |     1 |       ||     3
Armor: Robe              |     6 |    10 |    12 ||    28
Dodge: Dodged            |    23 |    31 |    44 ||    98

Table legend: (Time is in decaauts)
 A = Elapsed time spent in this place.
 B = Non-inter-level travel time spent in this place.
 C = Inter-level travel time spent in this place.
 D = Time resting spent in this place.
 E = Time spent auto-exploring this place.
 F = Levels seen in this place.
 G = Mean time per level.
                   A        B        C        D        E       F      G
               +--------+--------+--------+--------+--------+-----+--------+
         Total |   5304 |   5126 |    178 |    637 |   3633 |   5 | 1060.8 |
       Dungeon |   5304 |   5126 |    178 |    637 |   3633 |   5 | 1060.8 |
               +--------+--------+--------+--------+--------+-----+--------+

Top non-repeatable levels by time:
     D:5: 1310 daAuts
     D:4: 1295 daAuts
     D:1: 1163 daAuts
     D:2: 904 daAuts
     D:3: 630 daAuts
